 Dungeon Crawl Stone Soup version 0.25.0-11-g1f837a7 (webtiles) character file.

Game seed: 891697557825532637

181 sieger the Cutter (level 5, -2/35 HPs)
             Began as a Halfling Warper on June 27, 2020.
             Slain by a river rat (3 damage)
             ... on level 3 of the Dungeon.
             The game lasted 00:10:26 (3101 turns).

sieger the Cutter (Halfling Warper)                 Turns: 3101, Time: 00:10:27

Health: -2/35      AC:  5    Str: 13    XL:     5   Next: 92%
Magic:  7/7        EV: 13    Int: 17    God:
Gold:   187        SH:  6    Dex: 14    Spells: 7/7 levels left

rFire    . . .     SeeInvis .   a - +0 short sword
rCold    . . .     Gourm    .   q - +2 buckler
rNeg     . . .     Faith    .   c - +0 ring mail
rPois    .         Spirit   .   (no helmet)
rElec    .         Reflect  .   (no cloak)
rCorr    .         Harm     .   (no gloves)
MR       .....                  (no boots)
Stlth    +.........             (no amulet)
HPRegen  0.11/turn              h - ring of flight
MPRegen  0.10/turn              r - +6 ring of intelligence

@: very slow
A: small, mutation resistance 1
a: Evoke Flight


You were on level 3 of the Dungeon.
You were not hungry.

You visited 1 branch of the dungeon, and saw 3 of its levels.

You collected 187 gold pieces.

Inventory:

Hand Weapons
 a - a +0 short sword (weapon)
 t - a +1 vorpal hunting sling
Missiles
 e - 5 boomerangs of dispersal (quivered)
 w - 34 stones
 A - 15 sling bullets
Armour
 b - a +0 leather armour
 c - a +0 ring mail (worn)
 q - a +2 buckler (worn)
 u - a cursed +0 plate armour
 y - a +0 chain mail
Jewellery
 h - a ring of flight (left hand)
 r - a +6 ring of intelligence (right hand)
Scrolls
 d - 2 scrolls of blinking
 j - 2 scrolls of teleportation
 l - 4 scrolls of remove curse
Potions
 i - a potion of flight
 k - 2 potions of cancellation
 m - a potion of might {unknown}
 n - a potion of mutation {unknown}
 o - 4 potions of curing {unknown}
 p - a potion of stabbing {unknown}
 s - a potion of invisibility {unknown}
 v - a potion of resistance {unknown}
 x - a potion of lignification {unknown}
 B - a potion of brilliance {unknown}
Comestibles
 f - 8 rations


   Skills:
 + Level 2.7 Fighting
 + Level 3.6 Short Blades
 + Level 2.4 Throwing
 + Level 2.7 Armour
 + Level 3.3 Dodging
 - Level 1.5 Spellcasting
   Level 3.2 Translocations


You had 7 spell levels left.
You didn't know any spells.
Your spell library contained the following spells:

 Spells                   Type           Power        Failure   Level  Hunger
 Blink                    Tloc           N/A          28%         2    ###....
 Shroud of Golubria       Chrm/Tloc      #.....       50%         2    ###....
 Gell's Gravitas          Tloc           ##........   50%         3    ####...
 Lesser Beckoning         Tloc           ##........   50%         3    ####...
 Teleport Other           Tloc           ##......     50%         3    ####...
 Passage of Golubria      Tloc           N/A          88%         4    #####..


Dungeon Overview and Level Annotations

Branches:
Dungeon (3/15)

Altars:
Elyvilon


Innate Abilities, Weirdness & Mutations

You are small and have problems with some larger weapons.
You are somewhat resistant to further mutation.


Message History

Your unstable footing causes you to fumble your attack.
The river rat bites you.
Your unstable footing causes you to fumble your attack.
Your unstable footing causes you to fumble your attack.
The river rat bites you.
* * * LOW HITPOINT WARNING * * *
Your unstable footing causes you to fumble your attack.
The river rat bites you!
* * * LOW HITPOINT WARNING * * *
You hit the river rat but do no damage. The river rat barely misses you.
Your unstable footing causes you to fumble your attack.
The river rat closely misses you.
Your unstable footing causes you to fumble your attack.
The river rat barely misses you.
You hit the river rat but do no damage.
The river rat bites you but does no damage.
You hit the river rat.
The river rat is moderately wounded.
The river rat bites you.
You die...

##≈≈≈≈≈≈≈†#.#
#≈########..#
#≈# #### #.#
≈# #≈# ≈# #≈#
≈# #≈# s#
#≈#######r#
##†≈≈≈≈.@#
#########


You could see a river rat and a giant cockroach.

Vanquished Creatures
  A scorpion (D:3)
  5 adders (D:3)
  A worm (D:2)
  A dart slug (D:1)
  3 leopard geckos
  8 orcs (D:3)
  6 giant cockroaches
  7 goblins
  12 hobgoblins
  A kobold (D:1)
  3 quokkas (D:3)
  A ball python (D:2)
  4 bats
  7 frilled lizards
  11 rats
71 creatures vanquished.

Notes
Turn   | Place    | Note
-------+----------+-------------------------------------------
     0 | D:1      | sieger the Halfling Warper began the quest for the Orb.
     0 | D:1      | Reached XP level 1. HP: 14/14 MP: 3/3
   220 | D:1      | Reached XP level 2. HP: 14/19 MP: 4/4
   531 | D:1      | Reached XP level 3. HP: 21/24 MP: 5/5
  1683 | D:2      | Reached XP level 4. HP: 29/29 MP: 6/6
  2232 | D:3      | Found a white marble altar of Elyvilon.
  2726 | D:3      | Reached XP level 5. HP: 30/35 MP: 7/7
  3096 | D:3      | HP: 1/35 [river rat (7)]
  3101 | D:3      | Slain by a river rat

Illustrated notes

Levels and vault maps discovered:
D:1:      matt_arrival_spirals, layout_rooms, minmay_split_cup_large
D:2:      minmay_recursive_quarters, layout_basic, first_ration, minmay_bisected
D:3:      layout_loops_corners, elyvilon_altar_5, gup_sewer_entry_spiral

Skill      XL: |  1  2  3  4 |
---------------+-------------+-----
Fighting       | 2 |  2.7
Short Blades   | 3 |  3.6
Armour         | 2 |  2.7
Throwing       | 2 |  2.4
Dodging        | 3 |  3.3
Spellcasting   | |  1.5
Translocations | |  3.2

Action                   |  1- 3 |  4- 6 || total
-------------------------+-------+-------++-------
Melee: Short sword       |   151 |   176 ||   327
 Fire: Hunting sling     |     3 |     2 ||     5
  Use: Scroll            |     4 |     4 ||     8
  Eat: Ration            |     1 |     1 ||     2
       Chunk             |       |     1 ||     1
Armor: Ring mail         |    45 |    34 ||    79
Dodge: Dodged            |    91 |    72 ||   163
Block: Buckler           |    11 |    34 ||    45
